 Dungeon Crawl Stone Soup version 0.24.1 (webtiles) character file.

Game seed: 2334824451588256441, levelgen mode: deterministic

85 Descartes the Magician (level 4, -4/24 HPs)
             Began as a Deep Elf Air Elementalist on Mar 28, 2020.
             Slain by Crazy Yiuf
             ... wielding a +4 quarterstaff of chaos
              (9 damage)
             ... on level 3 of the Dungeon.
             The game lasted 00:06:49 (2154 turns).

Descartes the Magician (Deep Elf Air Elementalist)  Turns: 2154, Time: 00:06:50

Health: -4/24      AC:  3    Str:  5    XL:     4   Next: 25%
Magic:  3/11       EV: 13    Int: 21    God:
Gold:   51         SH:  0    Dex: 15    Spells: 2/10 levels left

rFire    . . .     SeeInvis .   d - +2 dagger (venom)
rCold    . . .     Gourm    .   (no shield)
rNeg     . . .     Faith    .   a - +0 robe
rPois    .         Spirit   .   (no helmet)
rElec    .         Reflect  .   (no cloak)
rCorr    .         Harm     .   (no gloves)
MR       .....                  o - +0 pair of boots
Stlth    ++........             (no amulet)
HPRegen  0.08/turn              (no ring)
MPRegen  0.12/turn              (no ring)

@: very slightly contaminated
A: no striking features
a: no special abilities


You were on level 3 of the Dungeon.
You were hungry.

You visited 1 branch of the dungeon, and saw 3 of its levels.

You collected 51 gold pieces.

Inventory:

Hand Weapons
 d - a +2 dagger of venom (weapon)
Missiles
 e - a throwing net (quivered)
 h - 48 stones
 i - 11 poisoned darts
 n - 9 boomerangs
Armour
 a - a +0 robe (worn)
 o - a +0 pair of boots (worn)
Scrolls
 f - a scroll of enchant armour {unknown}
 k - a scroll of magic mapping {unknown}
 l - 3 scrolls of remove curse {unknown}
 q - a scroll of random uselessness {unknown}
 r - a scroll of identify {unknown}
Potions
 b - 2 potions of curing {unknown}
 g - a potion of brilliance {unknown}
 j - a potion of degeneration {unknown}
 m - a potion of magic {unknown}
 p - a potion of ambrosia {unknown}
 s - a potion of haste {unknown}
 t - a potion of heal wounds {unknown}
Comestibles
 c - 9 rations


   Skills:
 + Level 3.2 Dodging
 + Level 3.4 Stealth
 + Level 3.8 Spellcasting
 + Level 2.2 Conjurations
 + Level 3.5 Air Magic


You had 2 spell levels left.
You knew the following spells:

 Your Spells              Type           Power        Failure   Level  Hunger
a - Shock                 Conj/Air       ###.         3%          1    None
b - Airstrike             Air            ###.......   28%         4    ####...
c - Static Discharge      Conj/Air       ###.....     12%         3    ###....

Your spell library contained the following spells:

 Spells                   Type           Power        Failure   Level  Hunger
 Swiftness                Chrm/Air       ##......     9%          2    #......
 Lightning Bolt           Conj/Air       ###.......   71%         5    ######.


Dungeon Overview and Level Annotations

Branches:
Dungeon (3/15)

Altars:

Annotations:
D:3 Crazy Yiuf


Message History

Casting: Shock (safe; 3% risk of failure)
Confirm with . or Enter, or press ? or * to list all spells.
Aiming: Shock (safe; 3% risk of failure)
Press: ? - help, Shift-Dir - straight line, f/p - Crazy Yiuf
Aim: Crazy Yiuf, wielding a +4 quarterstaff of chaos and wearing a +0 cloak (heavily wounded)
The zap hits Crazy Yiuf.
Crazy Yiuf is severely wounded.
Crazy Yiuf hits you with a +4 quarterstaff of chaos.
Crazy Yiuf freezes you.
Casting: Shock (safe; 3% risk of failure)
Confirm with . or Enter, or press ? or * to list all spells.
Aiming: Shock (safe; 3% risk of failure)
Press: ? - help, Shift-Dir - straight line, f/p - Crazy Yiuf
Aim: Crazy Yiuf, wielding a +4 quarterstaff of chaos and wearing a +0 cloak (severely wounded)
The zap hits Crazy Yiuf.
Crazy Yiuf is almost dead.
Crazy Yiuf hits you with a +4 quarterstaff of chaos.
* * * LOW HITPOINT WARNING * * *
You are electrocuted!
You die...

##.# #.## ##.# ##.##
##.g.# #....# #....#
####+..'#############
.............g@.......
###........###########
########'########
#..........#
#..........#
###......†...#
#..........###
#..........#
#..........#


You could see Crazy Yiuf.

Vanquished Creatures
  Jessica (D:2)
  An adder (D:2)
  An ooze (D:2)
  A worm (D:2)
  A leopard gecko (D:1)
  A giant cockroach (D:1)
  3 goblins
  10 hobgoblins
  2 quokkas (D:2)
  3 bats
  A frilled lizard (D:2)
  6 kobolds
  10 rats
41 creatures vanquished.

Notes
Turn   | Place    | Note
-------+----------+-------------------------------------------
     0 | D:1      | Descartes the Deep Elf Air Elementalist began the quest for
                  | the Orb.
     0 | D:1      | Reached XP level 1. HP: 10/10 MP: 6/6
   147 | D:1      | Reached XP level 2. HP: 15/15 MP: 5/8
  1025 | D:2      | Reached XP level 3. HP: 19/19 MP: 6/9
  1240 | D:2      | Noticed Jessica
  1243 | D:2      | Killed Jessica
  1372 | D:2      | Reached XP level 4. HP: 23/24 MP: 2/11
  1653 | D:2      | Learned a level 4 spell: Airstrike
  1657 | D:2      | Learned a level 3 spell: Static Discharge
  2126 | D:3      | Found a runed translucent door.
  2127 | D:3      | Noticed Crazy Yiuf
  2154 | D:3      | Slain by Crazy Yiuf

Levels and vault maps discovered:
D:1:      minmay_arrival_nine_rooms, layout_rooms
D:2:      layout_loops_ring, uniq_jessica
D:3:      layout_basic, first_ration, minmay_misc_feat_five,
          uniq_crazy_yiuf_cottage

Skill      XL: |  1  2  3 |
---------------+----------+-----
Stealth        | 3 |  3.4
Dodging        | 3 |  3.2
Conjurations   | 2 |  2.2
Spellcasting   | |  3.8
Air Magic      | |  3.5

Action                   |  1- 3 |  4- 6 || total
-------------------------+-------+-------++-------
Melee: Dagger            |     1 |     4 ||     5
 Cast: Shock             |    80 |    16 ||    96
  Eat: Chunk             |     1 |     2 ||     3
Armor: Robe              |     1 |     1 ||     2
Dodge: Dodged            |    10 |     1 ||    11
